Cogmind - Beta 13 @@@ ROGUE MODE // 2024.04.27 @ 13:58:44 Player: SovietPaperclip Result: Destroyed by AG-89047 with Assembled Focal Cannon Performance ------------- Evolutions (3) 1500 Regions Visited (13) 2600 Robots Destroyed (148) 740 Value Destroyed (4218) 4218 Prototype IDs (19) 380 Alien Tech Used (0) 0 Bonus (384) 384 TOTAL SCORE: 9822 Bonus ------- High Alert Combat Kills 52 Follower Combat Kills 517 Destroyed Z-Imprinter 1000 Friendly Fire -1185 Cogmind --------- Core Integrity 0/700 Matter 172/300 Energy 64/100 System Corruption 0% Temperature Cool (12) Movement Walking (110) Location -7/Deep Caves Parts ------- > --- POWER (1) -------- Zionite Light DM Reactor > --- PROPULSION (5) --- Zionite Composite Leg I Zionite Composite Leg I > --- UTILITY (5) ------ Experimental Heat Sink Advanced Targeting Computer Zionite Weapon Casing > --- WEAPON (2) ------- Light EM Pulse Cannon EM Pulse Cannon > --- INVENTORY (5) ---- (None) Peak State ------------ > --- POWER ------------ Zionite Light DM Reactor > --- PROPULSION ------- Medium Treads Zionite Composite Leg I Zionite Composite Leg I > --- UTILITY ---------- Cargo Storage Unit Advanced Targeting Computer Zionite Heavy Carapace > --- WEAPON ----------- Cooled Pulse Rifle Zionite Laser-S > --- INVENTORY -------- Zionite Light DM Reactor Zionite Light DM Reactor Zionite Biocell Zionite Biocell Medium Matter Pod Active Sensor Suite Improved Kinecellerator Weapon Cycler Improved Transmission Jammer Zionite Weapon Casing Zionite Weapon Casing Zionite Heavy Carapace Damper Plating Makeshift Hacking Suite Long-range Tractor Beam Long-range Tractor Beam Hacking Drone Bay Zionite Phaser-S Light EM Pulse Cannon EM Pulse Cannon Cooled Particle Cannon Rocket Array Tiamat Missile Launcher CR-A16's Pointy Stick [Rating: 69] Favorites ----------- Power Heavy Deuterium Engine Engine Heavy Deuterium Engine Power Core Nuclear Core Reactor Antimatter Reactor Propulsion Improved Treads Treads Improved Treads Leg Zionite Composite Leg I Wheel Wheel Flight Unit Nuclear Pulse Array Utility Cargo Storage Unit Device Improved Transmission Jammer Storage Cargo Storage Unit Processor Advanced Targeting Computer Hackware Hacking Suite Protection Heavy Armor Plating Weapon Cooled Pulse Rifle Energy Gun Cooled Pulse Rifle Energy Cannon EM Pulse Cannon Ballistic Gun Shotgun Ballistic Cannon Bore Cannon Launcher Tiamat Missile Launcher Slashing Weapon Blade Saw Piercing Weapon CR-A16's Pointy Stick Build | -11 -10 -9 -9 -9 -8 -8 -7 -7 -7 -7 -7 -7 -7 ------- Run | Yrd Mat Mat Min Exi Min Mat Fac Was Fac Low Low Zio Dee Slots Evolved 6 | . . 2 . . . 2 2 . . . . . . Power . | . . . . . . . . . . . . . . Propulsion 3 | . . 1 . . . 1 1 . . . . . . Utility 3 | . . 1 . . . 1 1 . . . . . . Weapon . | . . . . . . . . . . . . . . Parts Attached 149 | 6 7 5 1 . 3 26 5 14 42 5 5 6 24 Power 11 | 1 . 1 . . 1 2 . 1 2 . 1 . 2 Engine 6 | 1 . 1 . . 1 . . . 2 . 1 . . Core 2 | . . . . . . 2 . . . . . . . Reactor 3 | . . . . . . . . 1 . . . . 2 Propulsion 35 | 2 2 1 1 . . 11 2 2 10 1 1 . 2 Treads 27 | 2 2 1 1 . . 10 2 1 7 . 1 . . Leg 2 | . . . . . . . . . . . . . 2 Wheel 3 | . . . . . . . . . 2 1 . . . Hover . | . . . . . . . . . . . . . . Flight 3 | . . . . . . 1 . 1 1 . . . . Utility 49 | 1 2 3 . . . 4 2 4 20 1 1 2 9 Device 22 | . . 1 . . . 1 1 2 13 1 1 . 2 Storage 6 | 1 2 . . . . . . . 2 . . . 1 Processor 1 | . . . . . . . . . 1 . . . . Hackware 2 | . . . . . . . . . 2 . . . . Protection 18 | . . 2 . . . 3 1 2 2 . . 2 6 Artifact . | . . . . . . . . . . . . . . Weapon 54 | 2 3 . . . 2 9 1 7 10 3 2 4 11 Energy Gun 13 | . . . . . . . . . 3 2 1 2 5 Energy Cannon 9 | . . . . . . 2 . . 3 . . 1 3 Ballistic Gun 14 | 2 3 . . . 1 6 . 2 . . . . . Ballistic Cannon 9 | . . . . . . . 1 4 2 1 1 . . Launcher 7 | . . . . . 1 1 . 1 1 . . . 3 Special Weapon . | . . . . . . . . . . . . . . Impact Weapon . | . . . . . . . . . . . . . . Slashing Weapon 1 | . . . . . . . . . 1 . . . . Piercing Weapon 1 | . . . . . . . . . . . . 1 . Special Melee Weapon . | . . . . . . . . . . . . . . Unidentified Prototypes 19 | . . . . . . 3 . 1 5 . . . 10 Corrupted Parts 3 | . . . . . . . 2 . . . 1 . . System Corruption 15 | . . . . . . . 9 . . . 6 . . Parts Lost 40 | . . . 1 . 1 7 . 6 11 5 3 . 6 Power 4 | . . . . . 1 1 . . 2 . . . . Propulsion 18 | . . . 1 . . 4 . 2 4 3 1 . 3 Utility 8 | . . . . . . 2 . 2 1 1 1 . 1 Weapon 10 | . . . . . . . . 2 4 1 1 . 2 Highest Loss Streak 5 | . . . 1 . 1 2 . 5 4 3 1 . 3 To Critical Strikes . | . . . . . . . . . . . . . . Average Slot Usage (%) 75 | . 85 87 86 88 87 89 84 36 79 83 66 60 63 Engine 5 | . 14 11 11 11 10 . . . 1 7 7 7 1 Core 1 | . . . . . . 8 7 . . . . . . Reactor 1 | . . . . . . . . 4 5 . . . 5 Treads 23 | . 28 33 31 33 33 35 38 6 27 16 15 23 6 Leg 1 | . . . . . . . . . . . . . 7 Wheel 1 | . . . . . . . . . 1 13 3 . . Device 6 | . . 1 . . . 9 7 4 14 15 9 1 2 Storage 7 | . 14 11 11 11 11 9 7 . 6 7 7 7 6 Processor 3 | . . . . . . . . . . 7 7 7 7 Protection 6 | . . 8 11 11 11 8 15 5 4 . . 12 8 Energy Gun 4 | . . . . . . . . 2 3 14 14 . 9 Ballistic Gun 7 | . 28 22 22 22 21 17 . 1 . . . . . Ballistic Cannon 2 | . . . . . . . 7 4 11 . . . . Naked Turns 4 | . . . . . . . . 4 . . . . . Heaviest Build 188 | 13 91 108 108 108 110 117 121 121 188 162 162 167 175 Greatest Support 130 | 40 46 69 69 69 69 92 113 113 130 68 76 76 76 Greatest Overweight (x) 53 | 2 1 1 1 1 1 1 1 1 16 16 53 2 6 Average Overweight (x) 2 | . . 1 1 1 1 1 1 . 3 9 10 1 3 Largest Inventory Capacity 30 | 8 25 25 25 25 25 25 25 25 30 30 30 30 30 Average Capacity 26 | 7 12 25 25 25 25 25 25 6 27 30 30 30 29 Most Carried 30 | 2 9 22 22 22 22 25 25 24 26 28 28 30 30 Average Carried 21 | 1 5 16 21 21 22 23 23 5 17 26 26 28 27 Final Capacity 30 | 8 25 25 25 25 25 25 25 5 30 30 30 30 5 Final Carried 27 | 2 9 22 21 22 22 25 23 5 26 26 27 27 . Class Distribution -------------------- 57% | Hauler-Mutant 38% | Mutant 3% | Scavenger-Mutant Dominant Class ---------------- Mutant | -10/Materials Mutant | -9/Materials Mutant | -9/Mines Mutant | -9/Exiles Mutant | -8/Mines Mutant | -8/Materials Mutant | -7/Factory Scavenger-Mutant | -7/Waste Hauler-Mutant | -7/Factory Hauler-Mutant | -7/Lower Caves Hauler-Mutant | -7/Lower Caves Hauler-Mutant | -7/Zion Hauler-Mutant | -7/Deep Caves Resources | -11 -10 -9 -9 -9 -8 -8 -7 -7 -7 -7 -7 -7 -7 ----------- Run | Yrd Mat Mat Min Exi Min Mat Fac Was Fac Low Low Zio Dee Matter Collected 5014 | 196 312 620 65 18 107 1273 . 530 1020 245 216 22 390 Remotely 529 | . . . . . . . . . 529 . . . . Salvage Created 6173 | . 325 1145 105 . 169 1990 . 828 713 189 288 . 421 Parts 316 | . 28 69 9 . 18 118 . 11 30 1 14 . 18 Haulers Intercepted 11 | . 2 3 . . . 4 . . 2 . . . . Recyclers Shooed 6 | . 1 1 . . . 1 . . 3 . . . . Parts Field Recycled . | . . . . . . . . . . . . . . Retrieved Matter . | . . . . . . . . . . . . . . Parts Self-Destructed 23 | . . . . . . . . . . 5 14 4 . Prevented . | . . . . . . . . . . . . . . Kills | -11 -10 -9 -9 -9 -8 -8 -7 -7 -7 -7 -7 -7 -7 ------- Run | Yrd Mat Mat Min Exi Min Mat Fac Was Fac Low Low Zio Dee Combat Hostiles Destroyed 102 | . 11 17 3 . 7 31 . 3 9 3 4 . 14 Guns 82 | . 11 17 3 . 5 30 . 1 4 3 4 . 4 Cannons 8 | . . . . . . . . 2 5 . . . 1 AOE 11 | . . . . . 2 . . . . . . . 9 Classes Destroyed 20 | . 4 5 1 . . 3 . 1 3 . 1 . 2 Worker 10 | . . 2 . . . 6 . . 2 . . . . Builder 5 | . . 2 . . 1 2 . . . . . . . Tunneler 1 | . . . . . . . . . 1 . . . . Hauler 11 | . 2 3 . . . 4 . . 2 . . . . Recycler 5 | . . 3 . . . 1 . . 1 . . . . Operator 5 | . 1 1 . . . 3 . . . . . . . Watcher 9 | . . 3 . . . 4 . . 2 . . . . Swarmer 23 | . 9 3 . . 4 6 . . . . 1 . . Grunt 37 | . 2 9 2 . 3 16 . . 4 1 . . . Brawler 2 | . . . . . . 2 . . . . . . . Duelist 1 | . . . 1 . . . . . . . . . . Sentry 13 | . . 5 . . . 4 . . 2 1 1 . . Hunter 4 | . . . . . . 2 . . 1 1 . . . Programmer 4 | . . . . . . . . . 2 . 2 . . Heavy 1 | . . . . . . 1 . . . . . . . Compactor 3 | . . . . . . . . 3 . . . . . Z-Technician 3 | . . . . . . . . . . . . . 3 Z-Light 10 | . . . . . . . . . . . . . 10 Samaritan 2 | . . . . . . . . . . . 2 . . Assembled 3 | . . . . . . . . . . . . . 3 Wasp 1 | . . . . . . . . 1 . . . . . Thug 1 | . . . . . . . . 1 . . . . . Martyr 1 | . . . . . . . . . 1 . . . . Best Kill Streak 7 | . 5 7 3 . 4 6 . 1 4 1 3 . 6 Combat Bots Only 6 | . 5 6 3 . 4 5 . 1 3 1 3 . 6 Max Kills in Single Turn 3 | . 1 2 1 . 3 2 . 2 2 1 1 . 3 Gunslinging 1 | . . 1 . . . 1 . . . . . . . Exploded 3 | . . . . . 2 . . . . . . . 3 Melee . | . . . . . . . . . . . . . . Uniques/NPCs Destroyed 1 | . . . . . . . . . . . . . 1 Z-Imprinter (-7/Deep Caves) Combat | -11 -10 -9 -9 -9 -8 -8 -7 -7 -7 -7 -7 -7 -7 -------- Run | Yrd Mat Mat Min Exi Min Mat Fac Was Fac Low Low Zio Dee Hostile Shots Fired 1018 | . 60 73 9 . 25 181 . 19 374 106 89 . 82 Missed 325 | . 12 17 3 . 11 51 . . 138 34 34 . 25 Damage Taken 9055 | . 425 674 127 . 204 1679 . 899 2448 674 590 . 1335 Core 948 | . 72 62 . . 41 37 . 164 216 104 88 . 164 Absorbed by Shields 404 | . . . . . . 356 . 48 . . . . . Redirected to Shielding 90 | . . . . . . . . . . . . . 90 Ignored by Resistances 97 | . . . . . . . . . . . . . 97 Regen/Repaired (Parts) 396 | . . . . . . . . 53 43 . . 300 . Core Remaining (%) 84 | 100 71 . . . 74 93 . . . . . . . Volleys Fired 464 | . 46 58 8 . 9 136 1 63 69 17 19 3 35 Largest 2 | . 2 2 2 . 2 2 1 1 2 2 2 1 2 Hottest 150 | . 46 46 46 . 53 119 60 60 114 60 120 90 150 Shots Fired 834 | . 92 116 16 . 18 272 2 67 111 36 39 3 62 Gun 691 | . 92 116 16 . 15 260 . 44 34 36 39 . 39 Cannon 128 | . . . . . . 12 2 22 77 . . 3 12 Launcher 15 | . . . . . 3 . . 1 . . . . 11 Special . | . . . . . . . . . . . . . . Kinetic 635 | . 92 116 16 . 15 260 2 64 70 . . . . Thermal 149 | . . . . . . . . 2 26 36 39 3 43 Explosive 15 | . . . . . 3 . . 1 . . . . 11 Electromagnetic 35 | . . . . . . 12 . . 15 . . . 8 Robot Hit Streak 30 | . 8 13 6 . 3 15 . 17 24 30 16 . 8 Robot Miss Streak 8 | . 3 8 3 . 2 6 . 2 6 1 2 . 3 Penetration Max 1 | . . . . . . . . . 1 . . . . Secondary Targets 14 | . 2 1 . . . 9 . . 1 . . . 1 Max Gunslinging Chain 1 | . 1 1 . . . 1 . . 1 . . . 1 Shots Hit Robots 570 | . 55 89 13 . 10 184 . 55 64 32 25 . 43 Core Hits 299 | . 20 56 7 . 12 83 . 18 26 8 11 . 58 Critical Kills 8 | . . 1 . . . 2 . . 5 . . . . Critical Parts Destroyed 18 | . . . . . . 1 . 1 16 . . . . Critical Strikes 36 | . . 1 . . . 4 . 1 25 3 . . 2 Burn 8 | . . . . . . . . . 3 3 . . 2 Destroy 28 | . . 1 . . . 4 . 1 22 . . . . Melee Attacks 4 | . . . . . . . . . 4 . . . . Impact . | . . . . . . . . . . . . . . Slashing 4 | . . . . . . . . . 4 . . . . Piercing . | . . . . . . . . . . . . . . Sneak Attacks . | . . . . . . . . . . . . . . Combat Hostiles . | . . . . . . . . . . . . . . Follow-up Attacks . | . . . . . . . . . . . . . . Damage Inflicted 14190 | . 704 1309 211 . 418 3468 . 2389 1920 628 578 . 2565 Guns 8623 | . 704 1309 211 . 121 3099 . 672 589 628 578 . 712 Cannons 2509 | . . . . . . 246 . 1033 999 . . . 231 Explosions 2955 | . . . . . 297 123 . 684 229 . . . 1622 Melee 33 | . . . . . . . . . 33 . . . . Ramming 70 | . . . . . . . . . 70 . . . . Kinetic 7930 | . 704 1309 211 . 121 3099 . 1678 808 . . . . Thermal 2729 | . . . . . . 123 . 27 523 628 578 . 850 Explosive 2832 | . . . . . 297 . . 684 229 . . . 1622 Electromagnetic 596 | . . . . . . 246 . . 257 . . . 93 Impact . | . . . . . . . . . . . . . . Slashing 33 | . . . . . . . . . 33 . . . . Piercing . | . . . . . . . . . . . . . . Highest Corruption 18 | . . . . . . . 10 10 12 12 18 18 . Average Corruption 11 | . . . . . . . 9 10 10 12 12 18 . Corruption Purged . | . . . . . . . . . . . . . . Corruption Blocked . | . . . . . . . . . . . . . . Effects 247 | . . . . . . . 6 23 110 36 62 10 . Message Errors 50 | . . . . . . . 1 5 19 8 14 3 . Matter Fused 62 | . . . . . . . 1 6 26 10 16 3 . Heat Flow Errors 28 | . . . . . . . 2 3 12 4 7 . . Energy Discharges 35 | . . . . . . . . 2 19 4 8 2 . Parts Fused 5 | . . . . . . . . . 3 . 2 . . Data Loss (minor) 32 | . . . . . . . 1 3 17 4 6 1 . Data Loss (major) 9 | . . . . . . . . . 4 1 3 1 . Misfires 13 | . . . . . . . 1 4 3 3 2 . . Alerts 8 | . . . . . . . . . 3 1 4 . . Misdirections 2 | . . . . . . . . . 1 1 . . . Weapon Failures 3 | . . . . . . . . . 3 . . . . Overload Shots 19 | . . . . . . . . . 1 1 4 3 10 Overflow Damage 147 | . . . . . . . . 6 60 . . . 81 Projectiles 27 | . . . . . . . . . 17 . . . 10 Explosions 120 | . . . . . . . . 6 43 . . . 71 Melee . | . . . . . . . . . . . . . . Knockbacks 18 | . . . . . . . . 2 16 . . . . Impact . | . . . . . . . . . . . . . . Kinetic 15 | . . . . . . . . 1 14 . . . . Secondary 3 | . . . . . . . . 1 2 . . . . Self-Inflicted Damage 116 | . . . . . 19 . . 78 19 . . . . Shots 3 | . . . . . 1 . . 1 1 . . . . Rammed 6 | . . . . . . . . . 6 . . . . Targets Rammed 6 | . . . . . . . . . 6 . . . . Kicked . | . . . . . . . . . . . . . . Crushed . | . . . . . . . . . . . . . . Highest Temperature 397 | . . 29 5 . 24 189 200 343 351 219 268 150 397 Average Temperature 79 | . . 9 3 . 12 52 72 94 112 101 120 79 119 Received Heat Transfer 2688 | . 54 246 18 . 90 491 . . 978 186 54 . 571 Effects 6 | . . . . . . . . 1 1 . . . 4 Energy Bleed 2 | . . . . . . . . . 1 . . . 1 Interference 2 | . . . . . . . . . . . . . 2 Short Circuit 1 | . . . . . . . . 1 . . . . . Damage (minor) 1 | . . . . . . . . . . . . . 1 Siege Activations . | . . . . . . . . . . . . . . Robots Corrupted 1 | . . . . . . 1 . . . . . . . Combat Hostiles 1 | . . . . . . 1 . . . . . . . Parts Fried 3 | . . . . . . 3 . . . . . . . Impact Corruptions . | . . . . . . . . . . . . . . Robots Melted 2 | . . . . . . . . . 1 . 1 . . Combat Hostiles . | . . . . . . . . . . . . . . Parts Melted 18 | . . . . . . . . . 5 4 3 . 6 Heat Transferred 5253 | . . . . . . 100 . 74 1160 1419 1001 . 1499 Parts Sabotaged . | . . . . . . . . . . . . . . Parts Stolen . | . . . . . . . . . . . . . . Parts Stripped . | . . . . . . . . . . . . . . Power Chain Reactions 1 | . . . . . . 1 . . . . . . . Alert | -11 -10 -9 -9 -9 -8 -8 -7 -7 -7 -7 -7 -7 -7 ------- Run | Yrd Mat Mat Min Exi Min Mat Fac Was Fac Low Low Zio Dee Peak Influence 616 | . 335 351 157 . 90 616 254 89 396 . . . . Initial 251 | . . 66 97 . . . 251 88 11 . . . . Average 150 | . 140 215 138 . 9 207 253 33 160 . . . . Maximum Alert Level 2 | . 1 1 . . . 2 1 . 1 . . . . Low Security (%) 68 | 100 83 36 100 . 100 59 . 100 71 . . . . Level 1 25 | . 16 63 . . . 15 100 . 28 . . . . Level 2 5 | . . . . . . 25 . . . . . . . Level 3 . | . . . . . . . . . . . . . . Level 4 . | . . . . . . . . . . . . . . Level 5 . | . . . . . . . . . . . . . . High Security . | . . . . . . . . . . . . . . Max Security . | . . . . . . . . . . . . . . Squads Dispatched 16 | . 1 1 . . . 4 1 . 9 . . . . Investigation 4 | . . . . . . . 1 . 3 . . . . Extermination 3 | . . . . . . . . . 3 . . . . Reinforcement 9 | . 1 1 . . . 4 . . 3 . . . . Assault . | . . . . . . . . . . . . . . Garrison . | . . . . . . . . . . . . . . Intercept . | . . . . . . . . . . . . . . Searches Triggered . | . . . . . . . . . . . . . . Construction Impeded . | . . . . . . . . . . . . . . Haulers Reinforced 1 | . . . . . . . . . 1 . . . . Active Scanning Responses . | . . . . . . . . . . . . . . Cargo Convoy Interrupts . | . . . . . . . . . . . . . . Stealth | -11 -10 -9 -9 -9 -8 -8 -7 -7 -7 -7 -7 -7 -7 --------- Run | Yrd Mat Mat Min Exi Min Mat Fac Was Fac Low Low Zio Dee Distress Signals 11 | . 1 1 . . . 5 . . 4 . . . . Communications Jammed 48 | . . . . . . . . . 48 . . . . Distress Signals 27 | . . . . . . . . . 27 . . . . Times Spotted 186 | . 24 29 3 . 10 55 . 9 33 4 5 . 14 Peak Tracking Total 7 | . 7 6 3 . 3 6 . 3 6 2 2 . 6 Tactical Retreats 11 | . 1 1 . . . 4 . 1 3 1 . . . Traps | -11 -10 -9 -9 -9 -8 -8 -7 -7 -7 -7 -7 -7 -7 ------- Run | Yrd Mat Mat Min Exi Min Mat Fac Was Fac Low Low Zio Dee Traps Triggered 4 | . . . . . . 1 1 . 2 . . . . Indirectly . | . . . . . . . . . . . . . . Trap Hack Attempts . | . . . . . . . . . . . . . . Triggered . | . . . . . . . . . . . . . . Disarmed 1 | . 1 . . . . . . . . . . . . Reprogrammed . | . . . . . . . . . . . . . . Reused . | . . . . . . . . . . . . . . Traps Extracted . | . . . . . . . . . . . . . . Installed . | . . . . . . . . . . . . . . Triggered . | . . . . . . . . . . . . . . Machines | -11 -10 -9 -9 -9 -8 -8 -7 -7 -7 -7 -7 -7 -7 ---------- Run | Yrd Mat Mat Min Exi Min Mat Fac Was Fac Low Low Zio Dee Machines Disabled 14 | . . . . . . 1 . . 10 . . 3 . Max in Single Turn 1 | . . . . . . 1 . . 1 . . 1 . Machines Repaired . | . . . . . . . . . . . . . . Machines Dismantled . | . . . . . . . . . . . . . . Machines Sabotaged . | . . . . . . . . . . . . . . Overloaded Fab Kills . | . . . . . . . . . . . . . . Hacking | -11 -10 -9 -9 -9 -8 -8 -7 -7 -7 -7 -7 -7 -7 --------- Run | Yrd Mat Mat Min Exi Min Mat Fac Was Fac Low Low Zio Dee Machines Accessed 25 | . 5 2 . 1 . 6 1 . 9 . . 1 . Terminals 18 | . 5 2 . . . 6 . . 5 . . . . Fabricators 2 | . . . . . . . . . 2 . . . . Repair Stations . | . . . . . . . . . . . . . . Recycling Units 1 | . . . . . . . . . 1 . . . . Scanalyzers . | . . . . . . . . . . . . . . Garrison Access 2 | . . . . . . . 1 . 1 . . . . Total Hacks 63 | . 13 4 . 1 . 15 3 . 20 . . 7 . Successful 32 | . 6 2 . 1 . 8 . . 8 . . 7 . Failed 31 | . 7 2 . . . 7 3 . 12 . . . . Catastrophic 9 | . 2 . . . . 1 2 . 4 . . . . Database Lockouts . | . . . . . . . . . . . . . . Manual 22 | . 5 2 . . . 10 . . 5 . . . . Terminals 44 | . 13 4 . . . 15 . . 12 . . . . Fabricators 5 | . . . . . . . . . 5 . . . . Repair Stations . | . . . . . . . . . . . . . . Recycling Units 1 | . . . . . . . . . 1 . . . . Scanalyzers . | . . . . . . . . . . . . . . Garrison Access 5 | . . . . . . . 3 . 2 . . . . Terminal Hacks 20 | . 4 1 . 1 . 4 . . 3 . . 7 . Record 2 | . . . . 1 . 1 . . . . . . . Part Schematic 8 | . 1 . . . . . . . . . . 7 . Branch Access Points 3 | . . 1 . . . 1 . . 1 . . . . Alert Level 1 | . 1 . . . . . . . . . . . . Unreport Threat 4 | . . . . . . 2 . . 2 . . . . Disarm Traps 1 | . 1 . . . . . . . . . . . . Zone Layout 1 | . 1 . . . . . . . . . . . . Fabricator Hacks 3 | . . . . . . . . . 3 . . . . Load Schematic 2 | . . . . . . . . . 2 . . . . Build 1 | . . . . . . . . . 1 . . . . Repair Station Hacks . | . . . . . . . . . . . . . . Recycling Unit Hacks . | . . . . . . . . . . . . . . Scanalyzer . | . . . . . . . . . . . . . . Garrison Access Hacks . | . . . . . . . . . . . . . . Unauthorized Hacks 9 | . 2 1 . . . 4 . . 2 . . . . Terminals 9 | . 2 1 . . . 4 . . 2 . . . . Botnet 9 | . 2 1 . . . 4 . . 2 . . . . Fabricators . | . . . . . . . . . . . . . . Repair Stations . | . . . . . . . . . . . . . . Recycling Units . | . . . . . . . . . . . . . . Scanalyzers . | . . . . . . . . . . . . . . Garrison Access . | . . . . . . . . . . . . . . Data Cores Recovered . | . . . . . . . . . . . . . . Used . | . . . . . . . . . . . . . . Hacking Detections 19 | . 5 2 . . . 2 1 . 9 . . . . Full Trace Events 5 | . 1 . . . . . 1 . 3 . . . . Feedback Events 2 | . . . . . . . 1 . 1 . . . . Corruption 2 | . . . . . . . 1 . 1 . . . . Feedback Blocked . | . . . . . . . . . . . . . . Robot Schematics Acquired . | . . . . . . . . . . . . . . Robots Built . | . . . . . . . . . . . . . . Authchips . | . . . . . . . . . . . . . . Time . | . . . . . . . . . . . . . . Total Robot Build Rating . | . . . . . . . . . . . . . . Part Schematics Acquired 8 | . 1 . . . . . . . . . . 7 . Parts Built 1 | . . . . . . . . . 1 . . . . Authchips . | . . . . . . . . . . . . . . Time 25 | . . . . . . . . . 25 . . . . Total Part Build Rating 1 | . . . . . . . . . 1 . . . . Parts Repaired . | . . . . . . . . . . . . . . Time . | . . . . . . . . . . . . . . Parts Recycled . | . . . . . . . . . . . . . . Recycled Matter . | . . . . . . . . . . . . . . Retrieved Matter . | . . . . . . . . . . . . . . Retrieved Components . | . . . . . . . . . . . . . . Parts Scanalyzed . | . . . . . . . . . . . . . . Part Schematics Acquired . | . . . . . . . . . . . . . . Parts Damaged . | . . . . . . . . . . . . . . Bothacking | -11 -10 -9 -9 -9 -8 -8 -7 -7 -7 -7 -7 -7 -7 ------------ Run | Yrd Mat Mat Min Exi Min Mat Fac Was Fac Low Low Zio Dee Used RIF Installer . | . . . . . . . . . . . . . . Robots Hacked . | . . . . . . . . . . . . . . Non-combat . | . . . . . . . . . . . . . . Combat . | . . . . . . . . . . . . . . Robot Hacks Applied . | . . . . . . . . . . . . . . Relay Couplers Released . | . . . . . . . . . . . . . . Fabnet Peak Effective % . | . . . . . . . . . . . . . . Robots Rewired . | . . . . . . . . . . . . . . Allies Hacked . | . . . . . . . . . . . . . . Hacks Repelled . | . . . . . . . . . . . . . . Allies | -11 -10 -9 -9 -9 -8 -8 -7 -7 -7 -7 -7 -7 -7 -------- Run | Yrd Mat Mat Min Exi Min Mat Fac Was Fac Low Low Zio Dee Total Allies 19 | . . . . . . . . 18 . . 1 . . Largest Group 18 | . . . . . . . . 18 11 . 1 . . Highest-Rated Group 444 | . . . . . . . . 444 324 . 180 . . Highest-Rated Ally 180 | . . . . . . . . 35 35 . 180 . . Total Orders . | . . . . . . . . . . . . . . Ally Attacks 119 | . . . . . . . . 32 87 . . . . Total Damage 3510 | . . . . . . . . 1837 1673 . . . . Kills 22 | . . . . . . . . 8 14 . . . . Allies Corrupted . | . . . . . . . . . . . . . . Allies Melted . | . . . . . . . . . . . . . . Intel | -11 -10 -9 -9 -9 -8 -8 -7 -7 -7 -7 -7 -7 -7 ------- Run | Yrd Mat Mat Min Exi Min Mat Fac Was Fac Low Low Zio Dee Robot Analysis Total . | . . . . . . . . . . . . . . Derelict Logs Recovered 2 | . . . . . . . . . . 1 1 . . Drone Launches . | . . . . . . . . . . . . . . Drone Recoveries . | . . . . . . . . . . . . . . Exploration | -11 -10 -9 -9 -9 -8 -8 -7 -7 -7 -7 -7 -7 -7 ------------- Run | Yrd Mat Mat Min Exi Min Mat Fac Was Fac Low Low Zio Dee Turns Passed 17268 | 71 742 1471 234 345 1172 2037 257 645 2897 990 1745 2205 2457 Spaces Moved 5899 | 41 335 510 88 144 475 670 103 402 1029 408 474 715 505 Core 54 | 8 . . . . . . . 45 . . 1 . . Treads 4554 | 33 335 510 88 144 475 670 103 173 837 2 192 715 277 Legs 228 | . . . . . . . . . . . . . 228 Wheels 879 | . . . . . . . . . 192 406 281 . . Hover . | . . . . . . . . . . . . . . Flight 184 | . . . . . . . . 184 . . . . . Fastest Speed 40 | 50 160 240 240 240 240 235 241 40 165 155 243 243 110 Average Speed 262 | 148 174 240 240 240 240 238 241 122 240 226 354 306 452 Slowest Speed 2700 | 160 240 240 240 240 240 240 241 241 326 323 2700 323 640 Overloaded Moves . | . . . . . . . . . . . . . . Propulsion Burnouts . | . . . . . . . . . . . . . . Robots Hopped . | . . . . . . . . . . . . . . Cave-ins Triggered . | . . . . . . . . . . . . . . Exploration Rate (%) 55 | 4 72 55 26 49 94 61 4 96 34 67 67 84 66 Regions Visited 13 Branch Regions 7 Pre-discovered Areas 1 | . . . . 1 . . . . . . . . . Known Exits Taken 2 | . . 1 . . . . . . 1 . . . . Unknown Exits Taken 9 | 1 1 . 1 1 1 1 . . . 1 1 1 . Scrap Searched 3 | . . . 1 . . . . . . 1 . 1 . Spaces Dug 1 | . . . . . . . 1 . . . . . . Terrain Destroyed 207 | . . . . . 30 12 3 25 41 . 1 . 95 Melee . | . . . . . . . . . . . . . . Projectile 30 | . . . . . . . 3 1 22 . 1 . 3 AOE 177 | . . . . . 30 12 . 24 19 . . . 92 Terrain Rammed . | . . . . . . . . . . . . . . Walls Destroyed . | . . . . . . . . . . . . . . Machines Disabled . | . . . . . . . . . . . . . . Actions | -11 -10 -9 -9 -9 -8 -8 -7 -7 -7 -7 -7 -7 -7 --------- Run | Yrd Mat Mat Min Exi Min Mat Fac Was Fac Low Low Zio Dee Total 6990 | 48 403 643 96 144 488 945 113 498 1324 442 503 730 613 Wait 261 | . 1 50 . . 2 63 . 7 119 11 1 . 7 Move 5887 | 40 334 509 87 143 474 669 103 401 1028 407 473 714 505 Hop . | . . . . . . . . . . . . . . Pick Up 122 | 2 8 15 . 1 . 29 1 4 36 2 2 3 19 Fast Attach 41 | 6 2 3 . . 1 6 1 6 9 1 1 2 3 Attach 57 | . . 1 1 . . 9 3 6 19 2 1 3 12 Detach 16 | . . . . . . . 1 3 4 . 1 2 5 Swap 52 | . 5 1 . . 2 11 1 2 15 2 3 1 9 Drop 76 | . 7 6 . . . 22 2 6 11 . 2 2 18 Fire 464 | . 46 58 8 . 9 136 1 63 69 17 19 3 35 Melee 4 | . . . . . . . . . 4 . . . . Ram . | . . . . . . . . . . . . . . Kick . | . . . . . . . . . . . . . . Crush 6 | . . . . . . . . . 6 . . . . Escape Stasis 4 | . . . . . . . . . 4 . . . . Rewire . | . . . . . . . . . . . . . . Trap . | . . . . . . . . . . . . . . Miscellaneous . | . . . . . . . . . . . . . . Route ------- -11/Scrapyard -10/Materials (discovered 2 exits: *Mat / [*Min]) -9/Materials (discovered 2 exits: *Min x2) -9/Mines -9/Exiles -8/Mines -8/Materials -7/Factory -7/Waste -7/Factory (discovered 6 exits: [*Fac x2] / Sto x2 / *Low x2) -7/Lower Caves -7/Lower Caves -7/Zion (discovered 2 exits: [*Dee] / [*Pro]) -7/Deep Caves (discovered 1 exit: [*Pro]) History --------- Turn | Location | Event 25 | -11/Scrapyard | Discovered new exit (range 15) 72 | -11/Scrapyard | Entered Materials 280 | -10/Materials | Discovered new exit (range 8) 302 | -10/Materials | Build established: Mutant 768 | -10/Materials | Discovered new exit (range 16) 814 | -10/Materials | Entered another Materials area 814 | -9/Materials | Evolved 2 slots: Propulsion x1, Utility x1 1605 | -9/Materials | Identified exit to Mines 2285 | -9/Materials | Entered Mines 2507 | -9/Mines | Deemed a non-threat by the Exiles lab entrance 2510 | -9/Mines | Discovered new exit (range 5) 2519 | -9/Mines | Entered Exiles 2575 | -9/Exiles | Met 8R-AWN 2613 | -9/Exiles | Met EX-HEX 2711 | -9/Exiles | Met EX-DEC 2726 | -9/Exiles | Learned location of Zion (-7) 2835 | -9/Exiles | Discovered new exit (range 14) 2864 | -9/Exiles | Entered Mines 4001 | -8/Mines | Discovered new exit (range 13) 4036 | -8/Mines | Entered Materials 4036 | -8/Materials | Evolved 2 slots: Propulsion x1, Utility x1 4844 | -8/Materials | Discovered new exit (range 5) 6073 | -8/Materials | Entered Factory 6073 | -7/Factory | Evolved 2 slots: Propulsion x1, Utility x1 6168 | -7/Factory | System corruption reached 10% 6330 | -7/Factory | Sucked down chute 6330 | -7/Factory | Entered Waste 6349 | -7/Waste | Spotted C-40 Crusher 6350 | -7/Waste | Spotted C-40 Crusher 6362 | -7/Waste | Spotted C-40 Crusher 6364 | -7/Waste | Destroyed C-40 Crusher 6369 | -7/Waste | Crushed by Compactor (0 parts destroyed, 1 dropped) 6372 | -7/Waste | Crushed by Compactor (1 part destroyed, 2 dropped) 6375 | -7/Waste | Crushed by Compactor (1 part destroyed) 6378 | -7/Waste | Crushed by Compactor (0 parts destroyed, 1 dropped) 6381 | -7/Waste | Crushed by Compactor (0 parts destroyed, 1 dropped) 6395 | -7/Waste | Destroyed C-40 Crusher 6411 | -7/Waste | Crushed by Compactor (1 part destroyed, 2 dropped) 6430 | -7/Waste | Spotted C-40 Crusher 6442 | -7/Waste | Lost 5 parts (2n2u1w) 6454 | -7/Waste | Spotted C-40 Crusher 6463 | -7/Waste | Destroyed C-40 Crusher 6492 | -7/Waste | Spotted C-40 Crusher 6513 | -7/Waste | Crushed by Compactor (1 part destroyed) 6536 | -7/Waste | Discovered new exit (range 15) 6544 | -7/Waste | Warlord forces began an assault 6584 | -7/Waste | Allies destroyed C-40 Crusher 6586 | -7/Waste | Allies destroyed C-40 Crusher 6588 | -7/Waste | Allies destroyed C-40 Crusher 6602 | -7/Waste | Found Damper Plating 6615 | -7/Waste | Lost 5 allies 6879 | -7/Waste | Build established: Scavenger-Mutant 6975 | -7/Waste | Entered Factory 6975 | -7/Factory | Accompanied by 11 allies 7360 | -7/Factory | Fabricated Cargo Storage Unit (x1) 7621 | -7/Factory | Discovered new exit (range 12) 7665 | -7/Factory | Build established: Hauler-Mutant 7724 | -7/Factory | Found Prototype Device 8293 | -7/Factory | Lost 4 allies 8636 | -7/Factory | Discovered new exit (range 14) 8835 | -7/Factory | Found Prototype Launcher 8836 | -7/Factory | Identified Rocket Array 8842 | -7/Factory | Found Rocket Array 9139 | -7/Factory | Lost 4 parts (1p1u2w) 9190 | -7/Factory | Core integrity fell below 50% 9239 | -7/Factory | Lost 4 parts (3n1w) 9634 | -7/Factory | Discovered new exit (range 13) 9801 | -7/Factory | Identified exit to Storage 9801 | -7/Factory | Identified exit to Lower Caves 9872 | -7/Factory | Entered Lower Caves 10273 | -7/Lower Caves | Learned Factory terminal intel 10349 | -7/Lower Caves | Attracted the attention of an 0b10 checkpoint 10406 | -7/Lower Caves | Lost 3 parts (1n1u1w) 10827 | -7/Lower Caves | Discovered new exit (range 10) 10862 | -7/Lower Caves | Entered another Lower Caves area 11785 | -7/Lower Caves | Attracted the attention of an 0b10 checkpoint 11839 | -7/Lower Caves | Core integrity fell below 20% 12027 | -7/Lower Caves | 7V-RTL showed up to help 12358 | -7/Lower Caves | Spotted B-75 Beast 12495 | -7/Lower Caves | Discovered new exit (range 7) 12607 | -7/Lower Caves | Entered Zion 12729 | -7/Zion | Discovered new exit (range 9) 12846 | -7/Zion | System corruption cleaned by Quarantine Array 13994 | -7/Zion | Given the Hacking Drone Bay 13994 | -7/Zion | Found Prototype Device 14486 | -7/Zion | Found CR-A16's Pointy Stick 14803 | -7/Zion | Discovered new exit (range 4) 14803 | -7/Zion | Saw the warning signs outside the Deep Caves entrance 14812 | -7/Zion | Entered Deep Caves 15196 | -7/Deep Caves | Attacked by Z-Imprinter 15205 | -7/Deep Caves | Destroyed Z-Imprinter 15347 | -7/Deep Caves | Z-Facility disabled 15469 | -7/Deep Caves | Found Prototype Protection 15471 | -7/Deep Caves | Identified Zio. Heavy Carapace 15662 | -7/Deep Caves | Found Prototype Protection 15663 | -7/Deep Caves | Identified Zio. Weapon Casing 15669 | -7/Deep Caves | Found Zio. Weapon Casing 15749 | -7/Deep Caves | Found Zio. Heavy Carapace 16544 | -7/Deep Caves | Identified Hacking Drone Bay 16546 | -7/Deep Caves | Lost 3 parts (1n1u1w) 16801 | -7/Deep Caves | Found Surveybot 24 Scanner 16806 | -7/Deep Caves | Found Surveybot 24 Chip 16897 | -7/Deep Caves | Discovered new exit (range 6) 17254 | -7/Deep Caves | Spotted AG-89047 17269 | -7/Deep Caves | Destroyed by AG-89047 with Assembled Focal Cannon Last Messages --------------- 16538_ Overheating: Energy bleed (-22). 16542_ Acquired Prototype Device. 16543_ Dropped Zio. Heavy Carapace. 16544_ Identified Hacking Drone Bay. 16545_ Identified Exp. Heat Sink. 16546_ Identified Zio. Phaser-S. 16794_ Surveybot 24 destroyed. 16801_ Acquired Surveybot 24 Scanner. 16806_ Acquired Surveybot 24 Chip. 16807_ Acquired 25 matter. 16897_ EXIT=FOUND 17246_ Dropped Cargo Storage Unit. 17246_ Dropped Prototype Device. 17256_ AG-89047: "DSI9AT1D G8OHIBQ29FWG 26R186 QD12WHW8W33 TDK1 81FTS" 17267_ Destroyed Prototype Device. 17268_ AG-89047 GOLEM Unit beginning Prototype Device integration. 17269_ AG-89047 Prototype Device integration complete. Map ----- +----------------------------------------------------+ | ?????????????????????????????????? ??? | | ??????????????????????????????????# ???? | | ??????????????????????????????????# "" ????? | | ?????????????????????????????????## "??????? | | ????????????????????????????????## ????????? | | ????????????????????????????????# ??????????? | | ????????????????????????????????# #???????????? | | ????????????????????????????????# ##???????????? | | ???????????????????????????????## #????????????? | | ??????????????????????????????## ##????????????? | | ?????????????????????? ???# #?????????????? | | ???????????????????? = #??# ##????????????? | | ????????????????? g ##?## ####?????????? | | ??????????????? h #??# ##????????? | | ????????????? [ #?## #????????? | | ?????????????[[ ### #??????### | | ???????????? [ = ## #?????## | | ???????????? = ### ##?????# | | ??????????? s ! g #?#### #?????## | | ??????????? s = #????## #????## | | ??????????? ##??### ##???# | | ?????????? = !!l #### ##??# | | ?????????? ;;# ##?# | | ????????? = l ## ### | | ????????? = !!/!! ## | | ????????? = sG !@*]! | | ??????????" = *!!!]! #### | | ????????? !!!![ #?# | | ?????????? [!! #### ### | | ?????????? g ! #??## | | ??????????? ##???# | | ??????????? # # #????## #### | | ??????????? #### ## ## ##?????## ####??## | | ???????????? #????# ?# ?###???????####??????#### | | ???????????? ??????#??# ????????????????????????? | | ???????????????????????#????????????????????????? | | | | | | | | | | | | | | | | | | | | | | | | | | | | | +----------------------------------------------------+ Best States ------------- Heat Dissipation 61 Energy Generation 27 Energy Capacity 325 Matter Stores 300 Matter Capacity 300 Sight Range 16 Robot Scan Range 15 Terrain Scan Density 10 Jamming Range 14 Armor Coverage 1600 Resistance: TH 10 Resistance: EM 90 Weapon Shielding 100 Weapon Cycling 15 Evasion (%) 62 Targeting Accuracy 8 Recoil Reduction 5 Kinecelleration 40 Offensive Hacking 10 Item Schematics ----------------- Cargo Storage Unit | -10/Materials | Hacked Riot Gun | -7/Zion | Free Hvy. Riot Gun | -7/Zion | Free Battle Cannon | -7/Zion | Free Flamer | -7/Zion | Free Enh. Flamer | -7/Zion | Free Ripper | -7/Zion | Free Tactical Coordination Suite | -7/Zion | Free Robot Schematics ------------------ None Fabricated ------------ Cargo Storage Unit | x1 | -7/Factory Alien Tech Used ----------------- None Achievements -------------- Overkill Challenges ------------ None Game ------ Seed DeliveryHardenedLance Manual? 0 Play Time 01:23:56 Cumulative 115.4 hours Start 2024.04.27 @ 12:36:14 End 2024.04.27 @ 13:58:44 Sessions 1 Manual Loads 0 Difficulty Rogue Special Mode None Game No. 148 Rogue 148 Adventurer 0 Explorer 0 Win Type - Total 1 Types 1/0/0/0/0/0/0/0/0 Lore% 48 Gallery% 53 Achievement% 50 Wizard Run 0 Options --------- Layout 1 ASCII 0 Keyboard 0 Movement Mouse Keybinds 0 Fullscreen 2 Font 32/Smallcaps Map View 50x40 Zoom Use 0% Tactical HUD 1 Map Filters NONE Filters NONE Steam 1 RUN: e40c19fd-8819-4b2a-a229-612793e5b004